 Dungeon Crawl Stone Soup version 0.31-a0-1370-gf52a5a9ab3 (webtiles) character file.

Game seed: 10615039822221306615

214 BigPumpCobain the Ruffian (level 5, -4/46 HPs)
             Began as a Troll Shapeshifter on Dec 23, 2023.
             Slain by a gnoll
             ... wielding a +0 whip
              (7 damage)
             ... on level 4 of the Dungeon on Dec 24, 2023.
             The game lasted 00:06:09 (2657 turns).

BigPumpCobain the Ruffian (Troll Shapeshifter)      Turns: 2657, Time: 00:06:10

Health: -4/46      AC:  4    Str: 24    XL:     5   Next: 60%
Magic:  4/4        EV:  9    Int:  6    God:
Gold:   108        SH:  0    Dex:  9    Spells: 4/4 levels left

rFire   . .          .
                       - Unarmed
rCold   . . .        (no shield)
rNeg    . . .        a - +0 animal skin
rPois   .            (helmet currently unavailable)
rElec   .            (cloak currently unavailable)
rCorr   .            (gloves unavailable)
SInv    .            (boots unavailable)
Will    .....        (no amulet)
Stlth   +            (no ring)
HPRegen 1.07/turn    (no ring)
MPRegen 0.09/turn

%: no passive effects
@: beast-form
A: beast (slay +2), large, unfitting armour, claws 3, regeneration 1, shaggy fur
1, tough skin 1, mutation resistance 1, persistent drain
a: Begin Untransformation


You were on level 4 of the Dungeon.
You were a hulking beast.
You visited 1 branch of the dungeon, and saw 4 of its levels.

You collected 108 gold pieces.

Inventory:

Hand Weapons
 h - a +2 short sword of venom
 o - a +0 eveningstar
Armour
 a - a +0 animal skin (worn)
Jewellery
 l - a ring of ice
 t - an amulet of magic regeneration
Talismans
 c - a beast talisman
 d - a flux talisman
 s - a serpent talisman
Wands
 i - a wand of paralysis (9)
Scrolls
 e - 2 scrolls of poison
 k - a scroll of immolation
 m - 2 scrolls of amnesia
 n - 2 scrolls of blinking
 p - 2 scrolls of teleportation
 u - a scroll of enchant armour
Potions
 b - a potion of lignification
 f - a potion of mutation
 g - a potion of attraction {unknown}
 j - a potion of enlightenment
 q - a potion of haste {unknown}
 r - a potion of berserk rage {unknown}


   Skills:
 - Level 0.7 Fighting
 - Level 1.5 Dodging
 + Level 4.9 Unarmed Combat
 + Level 4.7 Shapeshifting


You had 4 spell levels left.
You didn't know any spells.
Your spell library contained the following spells:

 Spells                   Type           Power      Damage    Failure   Level
 Hailstorm                Conj/Ice       0%         3d5       83%         3
 Summon Ice Beast         Ice/Summ       0%         N/A       99%         4
 Simulacrum               Ice/Necr       0%         N/A       100%        6


Dungeon Overview and Level Annotations

Branches:
Dungeon (4/15)
 Temple: D:4-7

Altars:
Uskayaw
Vehumet


Innate Abilities, Weirdness & Mutations

You are a hulking beast.
Your limbs bulge with bestial killing power. (Slay +2)
You are too large for most types of armour.
You have claws for hands.
Your natural rate of healing is unusually fast.
You are covered in fur. (AC +1)
You have tough skin. (AC +1)
You are somewhat resistant to further mutation.
Your health recovers twice as slowly from being drained.


Message History

There is a stone staircase leading up here.
An adder comes into view.
The adder hisses angrily.
You hear a shout! x4
You closely miss the adder. The adder completely misses you.
You closely miss the adder. The adder barely misses you.
A gnoll comes into view. It is wielding a +0 halberd.
You closely miss the adder. The adder bites you but does no damage.
You miss the adder. The adder bites you but does no damage.
The gnoll hits you from afar with a +0 halberd.
You claw the adder!
You kill the adder!
You hear a shout!
The gnoll hits you with a +0 halberd!
A gnoll comes into view. It is wielding a +0 spear.
You see here an adder corpse.
You claw the gnoll!
You kill the gnoll!
The gnoll barely misses you. 2 gnolls come into view.
The gnoll shouts! x2
The gnoll hits you with a +0 spear!
Things that are here:
a +0 halberd; a gnoll corpse You are too injured to fight recklessly!
You closely miss the gnoll. The gnoll hits you with a +0 whip!
The gnoll hits you with a +0 spear.
You claw the gnoll!
The gnoll is almost dead.
The gnoll hits you with a +0 whip. The gnoll hits you with a +0 spear.
* * * LOW HITPOINT WARNING * * *
You closely miss the gnoll.
The gnoll is almost dead.
The gnoll hits you with a +0 whip.
* * * LOW HITPOINT WARNING * * *
The gnoll hits you with a +0 spear.
* * * LOW HITPOINT WARNING * * *
You barely miss the gnoll.
The gnoll is almost dead.
The gnoll hits you with a +0 whip!
You die...

#...##
#..##.##
#...####.##
#..# ##.###
#.. ##..##
..... #...#
.. #.#
###..##
#..#.†.##
#..h###
##.ggg...#
#..#####.#
###


You could see 3 gnolls.

Vanquished Creatures
  2 hounds (D:4)
  Ijyb (D:3)
  A gnoll (D:4)
  4 adders
  3 dart slugs
  An orc (D:3)
  5 ball pythons
  5 endoplasms
  2 giant cockroaches
  13 goblins
  4 hobgoblins
  4 jackals (D:4)
  A quokka (D:3)
  7 bats
  14 frilled lizards
  5 kobolds
  5 rats
77 creatures vanquished.

Notes
Turn   | Place    | Note
-------+----------+-------------------------------------------
     0 | D:1      | BigPumpCobain the Troll Shapeshifter began the quest for
                  | the Orb.
     0 | D:1      | Reached XP level 1. HP: 18/18 MP: 0/0
   126 | D:1      | Reached XP level 2. HP: 26/26 MP: 1/1
   820 | D:1      | Reached XP level 3. HP: 32/32 MP: 2/2
  1332 | D:3      | Found a radiant altar of Vehumet.
  1491 | D:3      | Found a hide-covered altar of Uskayaw.
  1582 | D:3      | Noticed Ijyb
  1590 | D:3      | Paralysed by Ijyb for 4 turns
  1596 | D:3      | Gained mutation: Your health recovers twice as slowly from
                  | being drained. [potion of mutation]
  1596 | D:3      | Gained mutation: You are somewhat resistant to further
                  | mutation. [potion of mutation]
  1597 | D:3      | Paralysed by Ijyb for 3 turns
  1602 | D:3      | Killed Ijyb
  1603 | D:3      | Reached XP level 4. HP: 26/40 MP: 3/3
  2055 | D:3      | You fall into a shaft and drop 1 floor!
  2168 | D:4      | Reached XP level 5. HP: 11/46 MP: 4/4
  2656 | D:4      | HP: 2/46 [gnoll/+0 spear (4)]
  2657 | D:4      | Slain by a gnoll

Illustrated notes

Levels and vault maps discovered:
D:1:      dpeg_arrival_radiant, layout_loops_corners
D:2:      layout_rooms
D:3:      kennysheep_the_goblin_king, layout_loops_corners, vehumet_crystals,
          nicolae_uskayaw_murder_on_the_dancefloor, minmay_lizard_king
D:4:      layout_layer_cave, corexii_shack

Skill      XL: |  1  2  3 |
---------------+----------+-----
Unarmed Combat | 4 |  4.9
Shapeshifting  | 4 |  4.7
Fighting       | |  0.7
Dodging        | |  1.5

Action                     |  1- 3 |  4- 6 || total
---------------------------+-------+-------++-------
  Melee: Unarmed           |    93 |    76 ||   169
         Punch             |     1 |     1 ||     2
    Use: Potion            |     4 |       ||     4
         Scroll            |     3 |     6 ||     9
   Stab: Sleeping          |       |     1 ||     1
 Armour: Animal skin       |    84 |    69 ||   153
         Skin              |    44 |    36 ||    80
  Dodge: Dodged            |    35 |    47 ||    82

Table legend: (Time is in decaauts)
 A = Elapsed time spent in this place.
 B = Non-inter-level travel time spent in this place.
 C = Inter-level travel time spent in this place.
 D = Time resting spent in this place.
 E = Time spent auto-exploring this place.
 F = Levels seen in this place.
 G = Mean time per level.
                   A        B        C        D        E       F      G
               +--------+--------+--------+--------+--------+-----+--------+
         Total |   2644 |   2487 |    157 |     56 |   2026 |   4 |  661.0 |
       Dungeon |   2644 |   2487 |    157 |     56 |   2026 |   4 |  661.0 |
               +--------+--------+--------+--------+--------+-----+--------+

Top non-repeatable levels by time:
     D:3: 940 daAuts
     D:1: 901 daAuts
     D:2: 410 daAuts
     D:4: 391 daAuts
